 Dungeon Crawl Stone Soup version 0.22.1-2-g9c5b331383 (webtiles) character file.

186818 Jerry the Minotaur Blade (level 17, -7/160 (162) HPs)
             Began as a Minotaur Gladiator on Jan 6, 2019.
             Was a High Priest of Okawaru.
             Mangled by a white very ugly thing (51 damage)
             ... on level 15 of the Dungeon.
             The game lasted 01:57:54 (32252 turns).

Jerry the Minotaur Blade (Minotaur Gladiator)      Turns: 32252, Time: 01:57:54

HP:   -7/160 (162)  AC: 18    Str: 27    XL:     17   Next: 43%
MP:   19/21         EV: 22    Int:  7    God:    Okawaru [*****.]
Gold: 2346          SH:  0    Dex: 16    Spells: 16/16 levels left

rFire    + . .     SeeInvis +   R - +4 triple sword (flame)
rCold    . . .     Gourm    +   (shield currently unavailable)
rNeg     . . .     Faith    .   l - +0 fire dragon scales
rPois    .         Spirit   .   T - +2 hat {SInv}
rElec    .         Reflect  .   I - scarf {cloud immunity}
rCorr    .         Harm     .   j - +2 pair of gloves {Dex+3}
MR       +....                  V - +2 pair of boots {run}
Stlth    +++.......             J - amulet of the gourmand
HPRegen  0.36/turn              S - +4 ring of strength
MPRegen  0.17/turn              m - ring of ice

@: heroism, corroded, quick
A: retaliatory headbutt, horns 2
}: 1/15 runes: decaying
a: Heroism, Finesse, Renounce Religion


You were on level 15 of the Dungeon.
You worshipped Okawaru.
Okawaru was extremely pleased with you.
You were very full.

You visited 5 branches of the dungeon, and saw 28 of its levels.
You also visited: Ossuary and Bailey.

You collected 3830 gold pieces.
You spent 1484 gold pieces at shops.

Inventory:

Hand Weapons
 L - the +11 scimitar of Balance {protect, rElec rF+}
   (Okawaru gifted it to you on level 3 of the Lair of Beasts)

   It protects the one who uses it against injury (+AC on strike).
   It protects you from fire.
   It insulates you from electricity.
 R - a +4 triple sword of flaming (weapon)
Missiles
 d - 9 throwing nets (quivered)
Armour
 j - a +2 pair of gloves of dexterity (worn)
 l - +0 fire dragon scales (worn)
 I - a scarf of cloud immunity (worn)
 T - a +2 hat of see invisible (worn)
 V - a +2 pair of boots of running (worn)
Jewellery
 m - a ring of ice (right hand)
 J - an amulet of the gourmand (around neck)
 M - the ring of Shadows {Umbra +Inv Stlth+}
   (You found it on level 12 of the Dungeon)

   [ring of stealth]

   It lets you turn invisible.
   It makes you more stealthy.
 P - the ring of Ibromm {+Blink rF+ Str+3 Dex-5 SInv}
   (You found it on level 1 of the Swamp)

   [ring of strength]

   It affects your strength (+3).
   It affects your dexterity (-5).
   It protects you from fire.
   It lets you see invisible.
   It lets you blink.
 S - a +4 ring of strength (left hand)
Wands
 p - a wand of scattershot (10)
 s - a wand of clouds (7)
 y - a wand of iceblast (10)
 D - a wand of digging (37)
 U - a wand of acid (16)
Scrolls
 a - 5 scrolls of magic mapping
 h - 4 scrolls of immolation
 o - a scroll of brand weapon
 v - 12 scrolls of teleportation
 w - 4 scrolls of amnesia
 x - 14 scrolls of remove curse
 C - 2 scrolls of blinking
 E - 8 scrolls of fear
 G - a scroll of identify
 Q - a scroll of summoning
 X - a scroll of enchant armour
 Y - 2 scrolls of vulnerability
Potions
 b - 4 potions of brilliance
 e - 8 potions of heal wounds
 g - 5 potions of haste
 i - 2 potions of resistance
 k - 2 potions of berserk rage
 q - 4 potions of curing
 r - 9 potions of might
 z - 2 potions of magic
 B - 4 potions of agility
 W - a potion of mutation
 Z - 2 potions of flight
Miscellaneous
 K - a phial of floods
Comestibles
 f - 57 rations


   Skills:
 + Level 17.6(22.6) Fighting
 + Level 21.1(26.1) Long Blades
 - Level 2.0(7.0) Throwing
 + Level 17.4(22.4) Armour
 + Level 11.9(16.9) Dodging
 + Level 5.2(10.2) Stealth
 - Level 7.8 Invocations


You had 16 spell levels left.
You didn't know any spells.
Your spell library contained the following spells:

 Spells                   Type           Power        Failure   Level  Hunger
 Confusing Touch          Hex            #.....       61%         1    ##.....
 Flame Tongue             Conj/Fire      #....        61%         1    ##.....
 Freeze                   Ice            #...         61%         1    ##.....
 Magic Dart               Conj           #...         61%         1    ##.....
 Sting                    Conj/Pois      #...         61%         1    ##.....
 Summon Small Mammal      Summ           #...         61%         1    ##.....
 Blink                    Tloc           N/A          75%         2    ###....
 Call Imp                 Summ           #.......     75%         2    ###....
 Slow                     Hex            #.......     75%         2    ###....
 Throw Flame              Conj/Fire      #.....       75%         2    ###....
 Throw Frost              Conj/Ice       #.....       75%         2    ###....
 Call Canine Familiar     Summ           #.......     93%         3    ####...
 Confuse                  Hex            #.......     93%         3    ####...
 Conjure Flame            Conj/Fire      #.......     93%         3    ####...
 Gell's Gravitas          Tloc           #.........   93%         3    ####...
 Ignite Poison            Fire/Tmut/Pois #.......     93%         3    ####...
 Inner Flame              Hex/Fire       #.......     93%         3    ####...
 Mephitic Cloud           Conj/Pois/Air  #.......     93%         3    ####...
 Ozocubu's Armour         Chrm/Ice       #.......     93%         3    ####...
 Summon Guardian Golem    Hex/Summ       #.......     93%         3    ####...
 Cause Fear               Hex            #.........   100%        4    #####..
 Fulminant Prism          Conj/Hex       #.........   100%        4    #####..
 Petrify                  Tmut/Erth      #.......     100%        4    #####..
 Sticky Flame             Conj/Fire      #.......     100%        4    #####..
 Summon Ice Beast         Ice/Summ       #.......     100%        4    #####..
 Summon Lightning Spire   Summ/Air       #.......     100%        4    #####..
 Throw Icicle             Conj/Ice       #.......     100%        4    #####..
 Fireball                 Conj/Fire      #.........   100%        5    ######.
 Metabolic Englaciation   Hex/Ice        #.........   100%        5    ######.
 Silence                  Hex/Air        #.........   100%        5    ######.
 Yara's Violent Unravell  Hex/Tmut       #.........   100%        5    ######.
 Deflect Missiles         Chrm/Air       #.........   100%        6    #######
 Ring of Flames           Chrm/Fire      #.........   100%        7    #######
 Discord                  Hex            #.........   100%        8    #######


Dungeon Overview and Level Annotations

Branches:
Dungeon (15/15)            Temple (0/1) D:6            Lair (6/6) D:9
  Swamp (4/4) Lair:4       Spider (0/4) Lair:3        Slime (0/5) Lair:5
    Orc (2/2) D:10            Elf (0/3) Orc:2        Vaults (0/5) D:14
 Depths (1/5) D:15

Altars:
Ashenzari
Cheibriados
Fedhas
Hepliaklqana
Makhleb
Okawaru
Qazlal
Ru
Uskayaw
Wu Jian
Xom
Yredelemnul
Jiyva

Shops:
D:4 }   D:7 (%   D:10 *   D:12 }   D:14 [   Orc:1 :   Orc:2 ![?[

Portals:
Trove: D:14 (give +3 gold dragon scales)

Annotations:
D:9 1 runed door, McIrco's ghost, novice BaFi
Lair:2 1 runed door, karf's ghost, journeyman MiFi
Lair:5 exclusion: oklob plant


Innate Abilities, Weirdness & Mutations

You reflexively headbutt those who attack you in melee.
You have a pair of horns on your head.


Message History

You headbutt the white very ugly thing, but do no damage.
The white very ugly thing is lightly wounded.
You slice the white very ugly thing like a ripe choko!!!
You burn the white very ugly thing!! You headbutt the white very ugly thing.
The white very ugly thing is almost dead.
The white very ugly thing engulfs you but does no damage.
You closely miss the white very ugly thing.
Your headbutt misses the white very ugly thing.
The white very ugly thing is almost dead.
The white very ugly thing barely misses you.
You riposte.
You hit the white very ugly thing but do no damage.
You headbutt the white very ugly thing, but do no damage.
The white very ugly thing is almost dead.
You hit the white very ugly thing but do no damage.
The white very ugly thing is almost dead.
The white very ugly thing engulfs you!
* * * LOW HITPOINT WARNING * * *
The white very ugly thing freezes you!!!
You die...

...((()(....#######..............
....).)........†)................
......(..........................
######(......###################.
#......##...[.#############.
######.....##.......##...........
...........#..#####..#...........
.#####.....#..#u..#..#...........
.# #.....#.)).@.#)['........###
.#####.....#..#...#..#........#
...........#..#####..#........###
...........##.......##...........
##############.....##############
#######


You could see a white very ugly thing.

Vanquished Creatures
  Kirke (D:13)
  5 thorn hunters
  3 very ugly things
  Nessos (D:13)
  2 fire dragons
  Josephine (D:12)
  18 hydras
  Erolcha (D:12)
  4 vault guards (D:14)
  A ghost crab (Swamp:3)
  23 two-headed ogres
  7 centaur warriors
  Erica (D:8)
  5 ogre magi
  2 death knights (D:15)
  22 alligators
  A tengu warrior (D:14)
  3 death yaks (Lair:6)
  4 skeletal warriors (D:13)
  8 swamp dragons
  3 unseen horrors
  A spriggan druid (Swamp:3)
  4 shambling mangroves
  2 wizards
  2 phantasmal warriors (D:15)
  6 deep elf magi
  2 wolf spider zombies
  A wolf spider (Lair:6)
  8 ugly things
  An orc sorcerer (D:15)
  4 manticores
  4 cyclopes
  The ghost of darator the Ruffian, a novice TrBe of Trog (D:5)
  4 elephants (Lair:5)
  Psyche (D:8)
  8 black mambas
  A naga mage (D:15)
  A guardian serpent (Lair:6)
  21 spiny frogs
  A kobold demonologist (D:9)
  A tengu conjurer (D:14)
  4 komodo dragons
  12 polar bears
  A queen bee (D:11)
  6 trolls
  10 tyrant leeches
  17 hornets
  6 bog bodies
  The ghost of tensugalgo the Slasher, an amateur DsSk (D:4)
  Prince Ribbit (D:7)
  16 slime creatures
  5 raiju (Lair:6)
  22 blink frogs
  14 hippogriffs
  2 dream sheep (Lair:6)
  A meliai zombie (D:15)
  4 spriggans
  2 redbacks
  A centaur simulacrum (D:14)
  5 shadows
  36 yaks
  Eustachio (D:5)
  4 hogs (D:13)
  5 hungry ghosts
  7 wraiths
  13 wyverns
  A basilisk (Lair:2)
  23 vampire mosquitoes
  6 insubstantial wisps (Swamp:2)
  A soldier ant (D:10)
  5 wargs
  11 swamp worms
  18 water moccasins
  12 hell hounds (Lair:6)
  Edmund (D:6)
  13 swamp drakes
  Duvessa (D:6)
  4 porcupines
  An eye of draining (D:9)
  14 black bears
  40 ogres
  A phantom (D:11)
  16 orc warriors
  3 ice beasts
  2 sky beasts
  4 boggarts (D:14)
  3 necrophages
  45 wolves
  9 crocodiles
  23 centaurs
  7 big kobolds
  21 bullfrogs
  A wyvern zombie (D:14)
  9 gnoll sergeants
  Dowan (D:6)
  2 wyvern skeletons
  5 scorpions
  19 killer bees
  4 wights (D:10)
  2 howler monkeys
  An electric eel (Lair:4)
  2 bullfrog zombies
  9 crimson imps
  4 centaur zombies
  A quasit (D:9)
  A human zombie (Ossuary)
  6 gnoll shamans (Bailey)
  14 orc priests
  5 hounds
  7 jellies
  15 orc wizards
  9 centaur skeletons
  2 iguanas
  9 worker ants
  A killer bee zombie (D:7)
  2 big kobold zombies (Ossuary)
  3 hound skeletons
  2 mummies (Ossuary)
  2 howler monkey zombies
  2 worker ant zombies
  24 gnolls
  10 adders
  3 shadow imps
  3 adder zombies
  4 adder skeletons
  5 worms
  3 dart slugs
  11 leopard geckos
  65 orcs
  2 ball pythons
  6 giant cockroaches
  6 goblins
  2 hobgoblins (D:1)
  12 jackals
  19 kobolds
  6 quokkas
  13 bats
  5 frilled lizards
  7 hobgoblin zombies (Ossuary)
  4 jackal zombies (Ossuary)
  8 kobold zombies (Ossuary)
  11 orc zombies (Ossuary)
  2 quokka skeletons
  A quokka zombie (D:5)
  5 rats
  A rat zombie (Ossuary)
  A fungus (D:9)
  2 plants (Lair:6)
1052 creatures vanquished.

Vanquished Creatures (collateral kills)
  A bullfrog (Lair:1)
1 creature vanquished.

Vanquished Creatures (others)
  A slime creature (Swamp:2)
  2 briar patches (Swamp:2)
  26 fungi
  48 plants
77 creatures vanquished.

Grand Total: 1130 creatures vanquished

Notes
Turn   | Place    | Note
-------+----------+-------------------------------------------
     0 | D:1      | Jerry the Minotaur Gladiator began the quest for the Orb.
     0 | D:1      | Reached XP level 1. HP: 18/18 MP: 0/0
   175 | D:1      | Reached skill level 4 in Long Blades
   179 | D:1      | Reached XP level 2. HP: 17/25 MP: 1/1
   225 | D:1      | Found an iron altar of Okawaru.
   235 | D:1      | Reached skill level 1 in Armour
   363 | D:1      | Became a worshipper of Warmaster Okawaru
   997 | D:2      | Reached XP level 3. HP: 31/31 MP: 2/2
  1468 | D:2      | Found a stormy altar of Qazlal.
  1656 | D:2      | Reached XP level 4. HP: 34/38 MP: 3/3
  1782 | D:3      | Reached skill level 5 in Long Blades
  2034 | D:3      | Found a faded altar of an unknown god.
  2405 | D:4      | Found a sand-covered staircase.
  2412 | Ossuary  | Entered an ossuary
  2666 | Ossuary  | Reached XP level 5. HP: 18/46 MP: 4/4
  2720 | Ossuary  | Reached skill level 6 in Long Blades
  3180 | D:4      | Reached XP level 6. HP: 43/53 MP: 5/5
  3280 | D:4      | Found Vesum's Gadget Emporium.
  3422 | D:4      | Found a snail-covered altar of Cheibriados.
  3422 | D:4      | Found a shattered altar of Ashenzari.
  3423 | D:4      | Found a blossoming altar of Fedhas.
  3423 | D:4      | Found a hazy altar of Hepliaklqana.
  3569 | D:4      | Reached * piety under Okawaru
  3694 | D:4      | Noticed tensugalgo's ghost (amateur DsSk)
  3695 | D:4      | Found a runed gate.
  3696 | D:4      | Found a runed gate.
  3696 | D:4      | Found a runed gate.
  4078 | D:5      | Entered Level 5 of the Dungeon
  4087 | D:5      | Reached skill level 7 in Long Blades
  4170 | D:5      | Reached skill level 5 in Fighting
  4170 | D:5      | Reached XP level 7. HP: 13/61 MP: 6/6
  4441 | D:5      | Noticed Eustachio
  4489 | D:5      | Killed Eustachio
  4489 | D:5      | Reached skill level 8 in Long Blades
  4843 | D:5      | Found a runed door.
  4845 | D:5      | Noticed darator's ghost (novice TrBe)
  4898 | D:5      | Reached ** piety under Okawaru
  4944 | D:5      | Reached skill level 5 in Armour
  5172 | D:5      | Reached XP level 8. HP: 70/70 MP: 7/7
  5362 | D:6      | Noticed Duvessa
  5368 | D:6      | Killed Duvessa
  5368 | D:6      | Reached skill level 9 in Long Blades
  5372 | D:6      | Noticed Dowan
  5386 | D:6      | Killed Dowan
  5481 | D:6      | Found a staircase to the Ecumenical Temple.
  6215 | D:6      | Reached skill level 10 in Long Blades
  6269 | D:6      | Noticed Edmund
  6276 | D:6      | Killed Edmund
  6441 | D:6      | Found a shimmering altar of Xom.
  6444 | D:6      | Found a blossoming altar of Fedhas.
  6444 | D:6      | Found a radiant altar of Vehumet.
  6446 | D:6      | Found a hide-covered altar of Uskayaw.
  6446 | D:6      | Found a basalt altar of Yredelemnul.
  6446 | D:6      | Found a basalt altar of Yredelemnul.
  6646 | D:6      | Found an iron altar of Okawaru.
  6879 | D:7      | Reached XP level 9. HP: 69/79 MP: 8/8
  6965 | D:7      | Reached *** piety under Okawaru
  7090 | D:7      | Found Cenuduat's Food Shoppe.
  7176 | D:7      | Reached skill level 11 in Long Blades
  7524 | D:7      | Found Astri's Weapon Boutique.
  7524 | D:7      | Noticed Prince Ribbit
  7531 | D:7      | Killed Prince Ribbit
  8173 | D:8      | Reached **** piety under Okawaru
  8239 | D:7      | Reached skill level 12 in Long Blades
  8608 | D:8      | Paralysed by a hornet for 3 turns
  8619 | D:8      | Reached XP level 10. HP: 34/91 MP: 9/9
  8960 | D:8      | Noticed Erica
  9065 | D:8      | Killed Erica
  9065 | D:8      | Received a gift from Okawaru
  9155 | D:8      | Reached skill level 13 in Long Blades
  9310 | D:8      | Noticed Psyche
  9316 | D:8      | Killed Psyche
  9365 | D:8      | Reached ***** piety under Okawaru
  9398 | D:8      | Found a sacrificial altar of Ru.
  9647 | D:9      | Found a runed door.
  9661 | D:9      | Reached skill level 1 in Invocations
  9665 | D:9      | Noticed McIrco's ghost (novice BaFi)
  9774 | D:9      | Reached skill level 10 in Fighting
  9821 | D:9      | Received a gift from Okawaru
 10029 | D:9      | Found the +5 scythe "Finisher" {speed, Str+3}
 10095 | D:9      | Received a gift from Okawaru
 10275 | D:9      | Found a staircase to the Lair.
 10306 | D:9      | Reached XP level 11. HP: 88/99 MP: 11/11
 10391 | D:9      | Reached skill level 14 in Long Blades
 10412 | D:9      | Received a gift from Okawaru
 10412 | D:9      | Reached skill level 10 in Armour
 10481 | D:9      | Found a burning altar of Makhleb.
 11011 | D:4      | Killed tensugalgo's ghost
 11083 | D:5      | Killed darator's ghost
 11219 | Lair:1   | Entered Level 1 of the Lair of Beasts
 12142 | Lair:2   | Found a runed door.
 12143 | Lair:2   | Noticed karf's ghost (journeyman MiFi)
 12145 | Lair:2   | Noticed a spriggan rider
 12146 | Lair:2   | Noticed a spriggan rider
 12521 | Lair:2   | Reached skill level 15 in Long Blades
 12744 | Lair:2   | Noticed a six-headed hydra
 12753 | Lair:2   | Killed a three-headed hydra
 12753 | Lair:2   | Reached skill level 5 in Invocations
 12910 | Lair:2   | Received a gift from Okawaru
 13382 | Lair:3   | Found a hole to the Spider Nest.
 13649 | Lair:3   | Reached XP level 12. HP: 105/109 MP: 12/14
 13789 | Lair:3   | Reached ****** piety under Okawaru
 13789 | Lair:3   | Received a gift from Okawaru
 13809 | Lair:3   | Got an ancient scimitar {god gift}
 13810 | Lair:3   | Identified the +11 scimitar of Balance {protect, rElec rF+}
                  | (Okawaru gifted it to you on level 3 of the Lair of Beasts)
 14520 | Lair:4   | Reached skill level 16 in Long Blades
 14620 | Lair:4   | Found a staircase to the Swamp.
 15098 | Lair:4   | Found a hazy altar of Hepliaklqana.
 15634 | Lair:5   | Received a gift from Okawaru
 15914 | Lair:5   | Found a staircase to the Slime Pits.
 16517 | Lair:6   | Entered Level 6 of the Lair of Beasts
 16551 | Lair:6   | Noticed a death yak
 16551 | Lair:6   | Noticed a death yak
 16551 | Lair:6   | Noticed a death yak
 16685 | Lair:6   | Reached XP level 13. HP: 104/118 MP: 17/17
 16795 | Lair:6   | Reached skill level 17 in Long Blades
 17697 | Lair:6   | Received a gift from Okawaru
 17770 | Lair:6   | Reached skill level 18 in Long Blades
 17817 | Lair:6   | Paralysed by a hornet for 3 turns
 19016 | D:10     | Entered Level 10 of the Dungeon
 19121 | D:10     | Reached XP level 14. HP: 127/129 MP: 18/18
 19164 | D:10     | Found a staircase to the Orcish Mines.
 19200 | D:10     | Found a viscous altar of Jiyva.
 19231 | D:10     | Found Zexaug's General Store.
 19397 | D:10     | Got a slimy scale mail
 19401 | D:10     | Identified the +1 scale mail of the Kraken {*Slow rF+++ MR-
                  | Int+4} (You found it on level 10 of the Dungeon)
 19777 | D:11     | Received a gift from Okawaru
 19885 | D:11     | Found a shimmering altar of Xom.
 20603 | D:12     | Noticed Josephine
 20611 | D:12     | Reached skill level 5 in Dodging
 20617 | D:12     | Killed Josephine
 20657 | D:12     | Found Addiule's Gadget Shop.
 20795 | D:12     | Noticed Erolcha
 20797 | D:12     | Found the ring of Shadows {Umbra +Inv Stlth+}
 20803 | D:12     | Killed Erolcha
 20816 | D:12     | Found a flagged portal.
 20828 | Bailey   | Entered a bailey
 21299 | Bailey   | Got a faintly glowing trident
 21454 | D:12     | Got an iridescent dagger
 21455 | D:12     | Identified the cursed +1 dagger of the Nine Queens {drain,
                  | MR++ Int+4 Dex+3} (You found it on level 12 of the Dungeon)
 21881 | Orc:1    | Entered Level 1 of the Orcish Mines
 21900 | Orc:1    | Reached skill level 19 in Long Blades
 22161 | Orc:1    | Found Veunacio's Book Boutique.
 22348 | Orc:2    | Entered Level 2 of the Orcish Mines
 22648 | Orc:2    | Received a gift from Okawaru
 22667 | Orc:2    | Found Ucawanar's Armour Boutique.
 22667 | Orc:2    | Found Obood's Magic Scroll Shoppe.
 23230 | Orc:1    | Received a gift from Okawaru
 23436 | Orc:2    | Reached skill level 15 in Fighting
 23463 | Orc:2    | Reached XP level 15. HP: 114/139 MP: 16/19
 23479 | Orc:2    | Found Geilot's Antique Armour Shoppe.
 23479 | Orc:2    | Found Bamehin's Distillery.
 23635 | Orc:2    | Found a staircase to the Elven Halls.
 23677 | Orc:2    | Bought a pair of pitted boots for 313 gold pieces
 23677 | Orc:2    | Bought a pair of embroidered boots for 247 gold pieces
 23677 | Orc:2    | Identified the +2 pair of boots of the Monkey {Regen+
                  | Dex+3} (You bought it in a shop on level 2 of the Orcish
                  | Mines)
 23688 | Orc:2    | Identified a +1 pair of boots of running (You bought it in
                  | a shop on level 2 of the Orcish Mines)
 24190 | D:13     | Noticed Nessos
 24200 | D:13     | Killed Nessos
 24222 | D:13     | Reached skill level 15 in Armour
 24300 | D:13     | Received a gift from Okawaru
 24494 | D:13     | Identified the Almanac of Sand
 24501 | D:13     | Identified the Almanac of Dhcmrlchtdj
 24545 | D:13     | Identified the Catalogue of Axaxaxas mlö
 24600 | D:13     | Noticed Kirke
 24628 | D:13     | Killed Kirke
 24628 | D:13     | Received a gift from Okawaru
 24727 | D:13     | Got a pair of jewelled boots
 24729 | D:13     | Identified the +2 pair of boots of Ovanath {*Drain rElec
                  | rPois} (You found it on level 13 of the Dungeon)
 25094 | D:14     | Found a portal to a secret trove of treasure.
 25327 | D:14     | Found a gate to the Vaults.
 25670 | D:14     | Found Foanuc's Antique Armour Shoppe.
 25675 | D:14     | Bought a warped plate armour for 924 gold pieces
 25687 | D:14     | Identified the +4 plate armour "Orchiplo" {Str-2 Dex+10}
                  | (You bought it in a shop on level 14 of the Dungeon)
 26164 | D:15     | Entered Level 15 of the Dungeon
 26281 | D:15     | Reached skill level 20 in Long Blades
 26301 | D:15     | Found an ornate altar of the Wu Jian Council.
 26948 | D:15     | Received a gift from Okawaru
 27174 | D:15     | Received a gift from Okawaru
 27182 | D:15     | Reached XP level 16. HP: 143/149 MP: 20/20
 27464 | D:15     | Found a staircase to the Depths.
 27477 | D:15     | Reached skill level 10 in Dodging
 27746 | Swamp:1  | Entered Level 1 of the Swamp
 27823 | Swamp:1  | Noticed a thorn hunter
 27831 | Swamp:1  | Killed a thorn hunter
 27843 | Swamp:1  | Received a gift from Okawaru
 28388 | Swamp:1  | Reached skill level 1 in Stealth
 28458 | Swamp:1  | Got a serpentine wooden ring
 28459 | Swamp:1  | Identified the ring of Ibromm {+Blink rF+ Str+3 Dex-5 SInv}
                  | (You found it on level 1 of the Swamp)
 29000 | Swamp:2  | Paralysed by a hornet for 2 turns
 29164 | Swamp:2  | Noticed a thorn hunter
 29181 | Swamp:2  | Killed a thorn hunter
 29592 | Swamp:2  | Received a gift from Okawaru
 29595 | Swamp:2  | Got a faintly humming plate armour {god gift}
 29613 | Swamp:2  | Identified the +0 plate armour "Hihetworel" {Dex+6}
                  | (Okawaru gifted it to you on level 2 of the Swamp)
 30976 | Swamp:4  | Entered Level 4 of the Swamp
 31178 | Swamp:4  | Noticed a thorn hunter
 31187 | Swamp:4  | Killed a thorn hunter
 31187 | Swamp:4  | Reached XP level 17. HP: 159/159 MP: 14/21
 31362 | Swamp:4  | Received a gift from Okawaru
 31378 | Swamp:4  | Reached skill level 21 in Long Blades
 31423 | Swamp:4  | Reached skill level 5 in Stealth
 31756 | Swamp:4  | Got a decaying rune of Zot
 32237 | Depths:1 | Entered Level 1 of the Depths
 32248 | D:15     | Received a gift from Okawaru
 32249 | D:15     | Found the +8 autumn katana {slice, Clar}
 32252 | D:15     | Mangled by a white very ugly thing

Skill      XL: |  1  2  3  4  5  6  7  8  9 10 11 12 13 14 15 16 17 |
---------------+----------------------------------------------------+-----
Long Blades    | 4 5 6 7 8 10 12 13 15 16 18 19 20 21 | 21.1
Armour         | 1 2 3 4 5 6 8 9 11 12 13 14 16 17 | 17.4
Fighting       | 3 4 5 6 7 9 10 11 12 13 15 16 17 | 17.6
Invocations    | 2 5 7 |  7.8
Dodging        | 7 9 11 | 11.9
Stealth        | 4 5 |  5.2
Throwing       | |  2.0

Action                   |  1- 3 |  4- 6 |  7- 9 | 10-12 | 13-15 | 16-18 || total
-------------------------+-------+-------+-------+-------+-------+-------++-------
Melee: Long sword        |    71 |   182 |   287 |    26 |       |       ||   566
       Headbutt          |    14 |    45 |    75 |   156 |   362 |   220 ||   872
       Scimitar          |       |       |       |   534 |  1067 |    71 ||  1672
       Punch             |       |       |       |     8 |    24 |       ||    32
       Triple sword      |       |       |       |       |     2 |   412 ||   414
Throw: Throwing net      |       |     1 |     3 |     3 |       |       ||     7
Invok: Heroism           |       |       |     1 |    16 |    31 |    11 ||    59
       Finesse           |       |       |       |       |     5 |     2 ||     7
 Abil: Stop Flying       |       |       |       |     1 |     1 |       ||     2
       Evoke Flight      |       |       |       |       |     1 |     1 ||     2
Evoke: Wand              |       |       |       |     5 |     2 |       ||     7
  Use: Scroll            |       |    11 |       |    16 |    17 |     6 ||    50
       Potion            |       |       |       |     4 |       |       ||     4
 Stab: Sleeping          |       |     1 |       |       |       |       ||     1
       Held in net/web   |       |     2 |       |       |       |       ||     2
       Confused          |       |       |       |       |       |     3 ||     3
  Eat: Chunk             |     2 |     5 |    15 |    26 |    47 |    16 ||   111
       Ration            |       |     1 |       |       |       |       ||     1
Armor: Leather armour    |    36 |    43 |    95 |    15 |       |       ||   189
       Chain mail        |       |       |       |   138 |       |       ||   138
       Scale mail        |       |       |       |   132 |   373 |       ||   505
       Plate armour      |       |       |       |       |    89 |   243 ||   332
       Fire dragon scale |       |       |       |       |       |     6 ||     6
Dodge: Dodged            |    49 |    90 |   174 |   313 |   746 |   311 ||  1683
       Rpst.: Long sword |     9 |    28 |    35 |     4 |       |       ||    76
       Scimitar          |       |       |       |    87 |   149 |    10 ||   246
       Triple sword      |       |       |       |       |     1 |    69 ||    70
